 Dungeon Crawl Stone Soup version 0.27.1-34-g3ba077fa99 (webtiles) character file.

Game seed: 4469301300403302693

14 cbfl8 the Shield-Bearer (level 2, -1/20 HPs)
             Began as a Minotaur Wanderer on Jan 19, 2022.
             Slain by a hobgoblin (2 damage)
             ... on level 1 of the Dungeon.
             The game lasted 00:01:12 (1025 turns).

cbfl8 the Shield-Bearer (Minotaur Wanderer)         Turns: 1025, Time: 00:01:13

Health: -1/20      AC:  2    Str: 17    XL:     2   Next: 31%
Magic:  3/3        EV: 11    Int:  9    God:
Gold:   11         SH:  0    Dex:  8    Spells: 4/4 levels left

rFire    . . .     SeeInvis .   e - +0 dagger
rCold    . . .     Faith    .   (no shield)
rNeg     . . .     Spirit   .   b - +0 robe
rPois    .         Reflect  .   (helmet restricted)
rElec    .         Harm     .   (no cloak)
rCorr    .         Rampage  .   (no gloves)
Will     .....                  (no boots)
Stlth    +.........             (no amulet)
HPRegen  0.06/turn              (no ring)
MPRegen  0.08/turn              (no ring)

@: no status effects
A: horns 2, retaliatory headbutt
a: no special abilities


You were on level 1 of the Dungeon.
You visited 1 branch of the dungeon, and saw 1 of its levels.

You collected 11 gold pieces.

Inventory:

Hand Weapons
 a - a +0 club
 e - a +0 dagger (weapon)
Armour
 b - a +0 robe (worn)
Magical Staves
 d - a staff of conjuration
Scrolls
 c - 3 scrolls of identify
Potions
 f - 2 potions of curing


   Skills:
 + Level 2.2 Bows
 + Level 1.2 Armour
 + Level 0.7 Dodging
 + Level 2.5 Shields
 + Level 1.7 Spellcasting
 + Level 1.0 Hexes
 + Level 1.7 Summonings


You had 4 spell levels left.
You didn't know any spells.
Your spell library contained the following spells:

 Spells                   Type           Power      Damage    Failure   Level
 Call Imp                 Summ           3%         N/A       26%         2
 Animate Skeleton         Necr           0%         N/A       34%         1
 Magic Dart               Conj           0%         1d3       34%         1
 Slow                     Hex            2%         N/A       34%         2
 Blink                    Tloc           N/A        N/A       45%         2
 Conjure Flame            Conj/Fire      0%         6-21      71%         3
 Mephitic Cloud           Conj/Pois/Air  0%         N/A       71%         3
 Vampiric Draining        Necr           0%         2d6       71%         3


Dungeon Overview and Level Annotations

Branches:
Dungeon (1/15)

Altars:


Innate Abilities, Weirdness & Mutations

You have a pair of horns on your head.
You reflexively headbutt those who attack you in melee.


Message History

The kobold hits you with a +0 short sword.
You barely miss the kobold.
The kobold is moderately wounded.
The kobold hits you with a +0 short sword.
The kobold closely misses you. You furiously retaliate!
You headbutt the kobold.
You kill the kobold!
A quokka comes into view.
You barely miss the kobold.
You headbutt the kobold, but do no damage.
The kobold is moderately wounded.
The jackal closely misses you. The kobold barely misses you.
Unknown command.
You barely miss the kobold. Your headbutt misses the kobold.
The kobold is moderately wounded.
The jackal bites you. The hobgoblin hits you. The kobold barely misses you.
The jackal bites you.
You hit the kobold.
You kill the kobold!
The hobgoblin barely misses you. The jackal bites you.
Unknown command.
The jackal barely misses you. The jackal closely misses you.
You furiously retaliate!
You headbutt the jackal. The jackal bites you.
* * * LOW HITPOINT WARNING * * *
Things that are here:
a +0 short sword; 2 stones You barely miss the jackal.
The jackal is almost dead.
The jackal bites you.
* * * LOW HITPOINT WARNING * * *
The hobgoblin hits you.
* * * LOW HITPOINT WARNING * * *
The quokka closely misses you. The jackal bites you.
* * * LOW HITPOINT WARNING * * *
The jackal misses you. You furiously retaliate!
You headbutt the jackal!
You kill the jackal!
The quokka bites you.
* * * LOW HITPOINT WARNING * * *
The hobgoblin hits you.
You die...

.....# g..h## .....#
...... ....†##### ......
.........##########......
.....................$...
.>.......................
....#########.####......#
....# #....##..g)h..#
....# #.##..####@r..#
....# #..##..###....#
....###.......##....#
....##..##.#...####.#
^..##...#..# ..## .#
..##..#.#..# ..##.#
###..##....# ...#.#
##..###.##.# ##..# #..##
#.##.####...#


You could see a quokka, a jackal and a hobgoblin.

Vanquished Creatures
  A dart slug (D:1)
  An endoplasm (D:1)
  A giant cockroach (D:1)
  A goblin (D:1)
  A hobgoblin (D:1)
  A jackal (D:1)
  A quokka (D:1)
  A ball python (D:1)
  3 kobolds (D:1)
  A rat (D:1)
12 creatures vanquished.

Notes
Turn   | Place    | Note
-------+----------+-------------------------------------------
     0 | D:1      | cbfl8 the Minotaur Wanderer began the quest for the Orb.
     0 | D:1      | cbfl8 set off with the following items: a +0 club, a +0
                  | robe; and the following spells available to memorise: Call
                  | Imp, Animate Skeleton, Magic Dart, Slow, Blink, Conjure
                  | Flame, Mephitic Cloud, Vampiric Draining
     0 | D:1      | Reached XP level 1. HP: 14/14 MP: 1/1
   524 | D:1      | Reached XP level 2. HP: 12/20 MP: 1/3
  1025 | D:1      | HP: 1/20 [quokka (1)]
  1025 | D:1      | Slain by a hobgoblin

Illustrated notes

Levels and vault maps discovered:
D:1:      dpeg_chamrin_arrival_tetris, layout_basic

Action                   || total
-------------------------++-------
Melee: Club              ||     9
       Staff             ||    20
       Headbutt          ||     3
       Dagger            ||     6
  Use: Scroll            ||     1
Armor: Robe              ||     3
Dodge: Dodged            ||    26
